 Dungeon Crawl Stone Soup version 0.29-a0-333-gb4c28e87c6 (webtiles) character file.

Game seed: 17137353731229236174

138 Jortsu the Skirmisher (level 5, 4/42 HPs)
             Began as a Demonspawn Fighter on Apr 13, 2022.
             Was a Believer of Wu Jian.
             Quit the game on level 4 of the Dungeon.
             The game lasted 00:03:45 (3152 turns).

Jortsu the Skirmisher (Demonspawn Fighter)          Turns: 3152, Time: 00:03:46

Health: 4/42       AC: 12    Str: 18    XL:     5   Next: 1%
Magic:  5/5        EV:  7    Int: 10    God:    Wu Jian [**....]
Gold:   230        SH:  4    Dex: 12    Spells: 4/4 levels left

rFire   . . .      SeeInvis .   a - +0 war axe
rCold   + . .      Faith    .   c - +0 buckler
rNeg    . . .      Spirit   .   g - +0 chain mail
rPois   .          Reflect  .   (no helmet)
rElec   .          Harm     .   (no cloak)
rCorr   .          Rampage  .   (no gloves)
Will    .....                   (no boots)
Stlth   ..........              (no amulet)
HPRegen 0.14/turn               f - ring of protection from cold
MPRegen 0.18/turn               (no ring)

@: no status effects
A: thin metallic scales 2, magic regeneration, demonic magic 1
a: Renounce Religion, Wall Jump


You were on level 4 of the Dungeon.
You worshipped Wu Jian.
Wu Jian was pleased with you.
You visited 1 branch of the dungeon, and saw 4 of its levels.

You collected 230 gold pieces.

Inventory:

Hand Weapons
 a - a +0 war axe (weapon)
Armour
 c - a +0 buckler (worn)
 g - a +0 chain mail (worn)
Jewellery
 f - a ring of protection from cold (left hand)
Scrolls
 h - 3 scrolls of teleportation
Potions
 b - a potion of lignification {unknown}
 d - a potion of might
 e - a potion of haste {unknown}
 i - a potion of invisibility {unknown}
 j - 2 potions of curing {unknown}


   Skills:
 + Level 3.9 Fighting
 + Level 3.0 Axes
 + Level 3.3 Armour
 + Level 0.8 Dodging
 + Level 3.1 Shields


You had 4 spell levels left.
You didn't know any spells.
Your spell library contained the following spells:

 Spells                   Type           Power      Damage    Failure   Level
 Foxfire                  Conj/Fire      0%         2x1d4     100%        1
 Conjure Flame            Conj/Fire      0%         6-21      100%        3
 Inner Flame              Hex/Fire       0%         N/A       100%        3
 Flame Wave               Conj/Fire      0%         2d4       100%        4
 Summon Lightning Spire   Summ/Air       0%         N/A       100%        4
 Storm Form               Tmut/Air       0%         N/A       100%        7
 Maxwell's Capacitive Co  Air            0%         ∞         100%        8


Dungeon Overview and Level Annotations

Branches:
Dungeon (4/15)
 Temple: D:4-7

Altars:
Gozag
Qazlal
Wu Jian


Innate Abilities, Weirdness & Mutations

You are mostly covered in thin metallic scales. (AC +3)
You regenerate magic rapidly.
Spells you cast may paralyse adjacent enemies.


Message History

The gnoll shouts!
A gnoll comes into view. It is wielding a +0 club.
The gnoll shouts!
You hear a shout!
A gnoll comes into view. It is wielding a +0 flail.
You see here 6 gold pieces.
You now have 230 gold pieces (gained 6).
The gnoll shouts!
A gnoll comes into view. It is wielding a +0 club.
You spin and attack the gnoll.
You closely miss the gnoll. The gnoll hits you but does no damage.
You are electrocuted!
The gnoll barely misses you.
You barely miss the gnoll. You hit the gnoll but do no damage.
You block the gnoll's attack. The gnoll hits you but does no damage.
You slash the gnoll!
The gnoll is almost dead.
You closely miss the gnoll. You barely miss the gnoll.
The gnoll hits you but does no damage. The gnoll barely misses you.
The gnoll hits you with a +0 club.
The gnoll hits you with a +0 whip of electrocution.
The gnoll hits you but does no damage.
You slash the gnoll!
You kill the gnoll!
The Council accepts your kill.
You hit the gnoll. x2; You slash the gnoll!
The gnoll hits you with a +0 flail.
* * * LOW HITPOINT WARNING * * *
The gnoll hits you with a +0 whip of electrocution.
* * * LOW HITPOINT WARNING * * *
The gnoll hits you but does no damage.
You have reached level 5!
Your demonic ancestry asserts itself...
A menacing aura infuses your magic.
You slash the gnoll!
The gnoll is severely wounded.
You hit the gnoll. x2; The gnoll hits you with a +0 flail.
* * * LOW HITPOINT WARNING * * *
You block the gnoll's attack. The gnoll hits you with a +0 club.
* * * LOW HITPOINT WARNING * * *
The gnoll hits you but does no damage. You block the gnoll's attack.
The gnoll closely misses you.
Are you sure you want to abandon this character and quit the game? (Confirm with "yes".)

.............
#.#######.....
.#.#.#######.....
.#.#.........###+
................
.<#####.......).
..#######.# #...........
......gg#.###.#.##......
#.....)@..#...#.##.####^
...####g......#.##.# ...
#####.#.#.##.#....
#.###.# .#... ... ...
^.. ≈!...... .........
≈........ ...........


You could see 3 gnolls.

Vanquished Creatures
  A gnoll (D:4)
  7 adders
  2 worms
  A dart slug (D:3)
  2 orcs (D:3)
  An endoplasm (D:2)
  A giant cockroach (D:2)
  4 hobgoblins
  4 jackals (D:2)
  9 kobolds
  A quokka (D:1)
  2 ball pythons (D:2)
  9 bats
  6 frilled lizards
  7 goblins
  3 rats
60 creatures vanquished.

Notes
Turn   | Place    | Note
-------+----------+-------------------------------------------
     0 | D:1      | Jortsu the Demonspawn Fighter began the quest for the Orb.
     0 | D:1      | Reached XP level 1. HP: 18/18 MP: 1/1
   562 | D:1      | Gained mutation: You are partially covered in thin metallic
                  | scales. (AC +2) [demonic ancestry]
   562 | D:1      | Reached XP level 2. HP: 20/24 MP: 2/2
   832 | D:1      | Found a faded altar of an unknown god.
   840 | D:1      | Prayed at the altar of an unknown god.
   840 | D:1      | Became a worshipper of the Wu Jian Council
   840 | D:1      | Reached * piety under Wu Jian
  1136 | D:2      | Gained mutation: You regenerate magic rapidly. [demonic
                  | ancestry]
  1136 | D:2      | Reached XP level 3. HP: 27/29 MP: 3/3
  1731 | D:2      | Gained mutation: You are mostly covered in thin metallic
                  | scales. (AC +3) [demonic ancestry]
  1731 | D:2      | Reached XP level 4. HP: 37/37 MP: 4/4
  2150 | D:3      | Found an opulent altar of Gozag.
  2213 | D:3      | Reached ** piety under Wu Jian
  2453 | D:3      | Found a stormy altar of Qazlal.
  3151 | D:4      | Gained mutation: Spells you cast may paralyse adjacent
                  | enemies. [demonic ancestry]
  3151 | D:4      | Reached XP level 5. HP: 11/42 MP: 5/5
  3152 | D:4      | Quit the game

Illustrated notes

Levels and vault maps discovered:
D:1:      dpeg_arrival_ternary, layout_rooms,
          shapermc_ecumenical_altar_rom_forum
D:2:      layout_loops_cross, kennysheep_cross_room
D:3:      layout_loops_ring, nicolae_qazlal_eye_of_the_storm,
          nicolae_gozag_seed_capital, grunt_decor_one_mirror,
          minmay_misc_feat_ornament
D:4:      layout_basic, lemuel_tele_altar, minmay_temple_entry_hall,
          chequers_serial_rivers_micro_c, chequers_serial_rivers_small_a

Skill      XL: |  1  2  3  4 |
---------------+-------------+-----
Axes           | 2 3 |  3.0
Armour         | 3 |  3.3
Shields        | 3 |  3.1
Fighting       | |  3.9
Dodging        | |  0.8

Action                   |  1- 3 |  4- 6 || total
-------------------------+-------+-------++-------
Melee: War axe           |   120 |    78 ||   198
Invok: Lunge             |     4 |     5 ||     9
       Whirlwind         |     4 |     1 ||     5
  Use: Scroll            |     2 |     4 ||     6
Armor: Chain mail        |   110 |    63 ||   173
       Scale mail        |     8 |       ||     8
Dodge: Dodged            |    62 |    26 ||    88
Block: Buckler           |    41 |    15 ||    56

Table legend: (Time is in decaauts)
 A = Elapsed time spent in this place.
 B = Non-inter-level travel time spent in this place.
 C = Inter-level travel time spent in this place.
 D = Time resting spent in this place.
 E = Time spent auto-exploring this place.
 F = Levels seen in this place.
 G = Mean time per level.
                   A        B        C        D        E       F      G
               +--------+--------+--------+--------+--------+-----+--------+
         Total |   3234 |   3129 |    105 |    163 |   2357 |   4 |  808.5 |
       Dungeon |   3234 |   3129 |    105 |    163 |   2357 |   4 |  808.5 |
               +--------+--------+--------+--------+--------+-----+--------+

Top non-repeatable levels by time:
     D:1: 1030 daAuts
     D:2: 1019 daAuts
     D:3: 967 daAuts
     D:4: 216 daAuts
